 Dungeon Crawl Stone Soup version 0.32-a0-918-g0f22ef8d61 (webtiles) character file.

Game seed: 6880987509274200361

212 Elsrick the Trooper (level 5, -6/42 HPs)
             Began as a Coglin Fighter on Apr 11, 2024.
             Killed from afar by an orc wizard (10 damage)
             ... with a magic dart
             ... on level 4 of the Dungeon.
             The game lasted 00:07:29 (2098 turns).

Elsrick the Trooper (Coglin Fighter)                Turns: 2098, Time: 00:07:30

Health: -6/42      AC: 11    Str: 18    XL:     5   Next: 89%
Magic:  5/5        EV:  6    Int:  8    God:
Gold:   72         SH:  0    Dex: 13    Spells: 4/4 levels left

rFire   . . .        z - +0 hand axe (heavy) {Nozipho}
rCold   . . .        s - +0 dagger (venom) {Illuratum}
rNeg    . . .        l - +0 chain mail
rPois   .            h - +0 helmet
rElec   .            f - +0 cloak
rCorr   .            (no gloves)
SInv    .            (no boots)
Will    .....        (amulet unavailable) Stlth
                     (ring unavailable)
HPRegen 0.27/turn    (ring unavailable)
MPRegen 0.09/turn    (no gizmo)

%: no passive effects
@: revving
A: off-hand wielding, slow wielding, warmup strikes, no jewellery
a: Invent Gizmo


You were on level 4 of the Dungeon.
You visited 1 branch of the dungeon, and saw 4 of its levels.

You collected 72 gold pieces.

Inventory:

Hand Weapons
 a - a +0 long sword {Yuphin}
 e - a +0 dagger {Chisato}
 s - a +0 dagger of venom (offhand) {Illuratum}
 z - a +0 heavy hand axe (weapon) {Nozipho}
Missiles
 y - 3 curare-tipped darts (quivered)
Armour
 b - a +0 scale mail
 f - a +0 cloak (worn)
 h - a +0 helmet (worn)
 l - a +0 chain mail (worn)
 r - an orb of wrath
Talismans
 p - a blade talisman
Wands
 w - a wand of digging (5)
Scrolls
 c - a scroll of noise {unknown}
 g - 4 scrolls of teleportation {unknown}
 i - 3 scrolls of identify {unknown}
 k - a scroll of immolation {unknown}
 o - a scroll of revelation {unknown}
 t - a scroll of butterflies {unknown}
 u - 4 scrolls of vulnerability {unknown}
 v - 2 scrolls of enchant weapon {unknown}
Potions
 d - a potion of might
 j - a potion of lignification {unknown}
 m - a potion of attraction {unknown}
 n - a potion of curing {unknown}
 q - a potion of berserk rage {unknown}
 x - a potion of magic {unknown}


   Skills:
 + Level 4.1 Fighting
 + Level 1.1(2.2) Short Blades
 - Level 3.3(3.5) Long Blades
 * Level 1.4 Axes
 + Level 3.4 Armour
 - Level 0.3 Dodging
 + Level 2.5 Shields


You had 4 spell levels left.
You didn't know any spells.
Your spell library contained the following spells:

 Spells                   Type           Power      Damage    Failure   Level
 Ensorcelled Hibernation  Hex/Ice        0%         N/A       99%         2
 Fugue of the Fallen      Necr           0%         N/A       100%        3
 Anguish                  Hex/Necr       0%         N/A       100%        4


Dungeon Overview and Level Annotations

Branches:
Dungeon (4/15)
 Temple: D:4-7

Altars:

Shops:
D:3 :


Innate Abilities, Weirdness & Mutations

You can wield a second weapon in your off-hand.
It takes a long time for you to wield or remove held weapons.
Your first few attacks do less damage.
You cannot equip rings or amulets.


Message History

You feel very sick. The ribbon worm bites you.
You hit the ribbon worm but do no damage.
The ribbon worm is severely wounded.
You hit the ribbon worm but do no damage.
You feel very sick.
The ribbon worm bites you but does no damage. x2
You hit the ribbon worm with your +0 heavy hand axe.
You kill the ribbon worm!
You feel sick.
An orc and an orc wizard come into view.
You feel sick.
The orc shouts!
The orc wizard shouts!
The orc wizard points at you and mumbles some strange words.
You are confused.
Items here: )) [ †.
You feel sick.
There is a stone staircase leading up, spattered with blood here.
You feel sick.
In your confused state, you trip and fall back down the stairs.
* * * LOW HITPOINT WARNING * * *
You feel sick.
Unknown command.
You feel sick.
You are no longer poisoned.
In your confused state, you trip and fall back down the stairs.
* * * LOW HITPOINT WARNING * * *
An orc comes into view. It is wielding a +0 hand axe.
Unknown command.
The orc shouts!
In your confused state, you trip and fall back down the stairs.
* * * LOW HITPOINT WARNING * * *
You feel less confused. The orc hits you but does no damage.
Unknown command.
The orc shouts!
The orc barely misses you. The orc wizard casts a spell at you.
The magic dart hits you!
You die...

#.....o#.......
###.....###......
#........##...... ...
#...o....##.....# .......)..
#..)...........####........##.
##.<#.......................#.
#.###.....##................
## #......#...[...........
##.#..#.@†.....#.#....
#.#.###.oo....##....# ....#
#........##w.<# .....#
#.....>....>.o....
.#..............o......... ##
..######...o...........
#.........#.....
........###oo(.. #........
......


You could see an orc wizard and 3 orcs.

Vanquished Creatures
  A jelly (D:4)
  A hound (D:4)
  An iguana (D:3)
  4 adders
  A ribbon worm (D:4)
  3 dart slugs (D:1)
  6 orcs
  7 endoplasms
  4 giant cockroaches
  8 goblins
  4 hobgoblins
  4 jackals (D:1)
  3 quokkas
  7 ball pythons
  6 bats
  3 frilled lizards (D:2)
  4 kobolds
  6 rats
73 creatures vanquished.

Notes
Turn   | Place    | Note
-------+----------+-------------------------------------------
     0 | D:1      | Elsrick the Coglin Fighter began the quest for the Orb.
     0 | D:1      | Reached XP level 1. HP: 18/18 MP: 1/1
    79 | D:1      | Reached XP level 2. HP: 24/24 MP: 2/2
   295 | D:1      | Reached XP level 3. HP: 29/29 MP: 3/3
  1105 | D:2      | Reached XP level 4. HP: 33/37 MP: 4/4
  1384 | D:3      | Found Anehan's Book Boutique.
  1503 | D:3      | Reached XP level 5. HP: 42/42 MP: 5/5
  1856 | D:4      | Reached skill level 4 in Fighting
  1856 | D:4      | Reached skill level 1 in Short Blades
  2004 | D:3      | Reached skill level 1 in Axes
  2098 | D:4      | Killed from afar by an orc wizard

Illustrated notes

Levels and vault maps discovered:
D:1:      heliophobic_arrival_dark_side_of_the_moon, layout_basic,
          hex_intersection
D:2:      layout_basic, kennysheep_generic_room_13
D:3:      layout_rooms, serial_shops, shop
D:4:      layout_cave_pools

Skill      XL: |  1  2  3  4  5 |
---------------+----------------+-----
Armour         | 3 |  3.4
Long Blades    | 3 |  3.3
Fighting       | 4 |  4.1
Short Blades   | 1 |  1.1
Axes           | 1 |  1.4
Dodging        | |  0.3
Shields        | |  2.5

Action                     |  1- 3 |  4- 6 || total
---------------------------+-------+-------++-------
  Melee: Long sword        |    79 |    46 ||   125
         Dagger            |    76 |    58 ||   134
         Hand axe          |       |    24 ||    24
 Armour: Scale mail        |    45 |       ||    45
         Chain mail        |    42 |    60 ||   102
  Dodge: Dodged            |    41 |    22 ||    63

Table legend: (Time is in decaauts)
 A = Elapsed time spent in this place.
 B = Non-inter-level travel time spent in this place.
 C = Inter-level travel time spent in this place.
 D = Time resting spent in this place.
 E = Time spent auto-exploring this place.
 F = Levels seen in this place.
 G = Mean time per level.
                   A        B        C        D        E       F      G
               +--------+--------+--------+--------+--------+-----+--------+
         Total |   2122 |   2048 |     74 |    225 |   1150 |   4 |  530.5 |
       Dungeon |   2122 |   2048 |     74 |    225 |   1150 |   4 |  530.5 |
               +--------+--------+--------+--------+--------+-----+--------+

Top non-repeatable levels by time:
     D:1: 856 daAuts
     D:3: 669 daAuts
     D:2: 508 daAuts
     D:4: 88 daAuts
